 Dungeon Crawl Stone Soup version 0.23.1 (webtiles) character file.

Game seed: 0

1129 Fang the Skirmisher (level 8, 0/51 HPs)
             Began as a Gargoyle Berserker on Mar 6, 2019.
             Was an Elder of Trog.
             Killed by nerve-wracking pain
             ... invoked by an orc priest
              (6 damage)
             ... on level 5 of the Dungeon.
             The game lasted 00:06:41 (4960 turns).

Fang the Skirmisher (Gargoyle Berserker)            Turns: 4960, Time: 00:06:42

Health: 0/51       AC: 18    Str: 29    XL:     8   Next: 35%
Magic:  8/8        EV:  9    Int:  7    God:    Trog [****..]
Gold:   288        SH:  0    Dex:  9    Spells: 7/7 levels left

rFire    . . .     SeeInvis .   a - +0 hand axe
rCold    . . .     Gourm    .   (no shield)
rNeg     + . .     Faith    .   h - +0 plate armour (curse)
rPois    ∞         Spirit   .   (no helmet)
rElec    +         Reflect  .   r - scarf {repulsion}
rCorr    .         Harm     .   (no gloves)
MR       .....                  (no boots)
Stlth    ..........             m - amulet of magic regeneration
HPRegen  0.17/turn              e - +5 ring of strength
MPRegen  0.36/turn              v - ring of flight

@: berserk cooldown, slowed, repel missiles, very slow
A: negative energy resistance 1, electricity resistance, unbreathing,
petrification resistance, rot immunity, AC +5
a: Berserk, Trog's Hand, Brothers in Arms, Renounce Religion, Evoke Flight


You were on level 5 of the Dungeon.
You worshipped Trog.
Trog was greatly pleased with you.
You were very hungry.

You visited 1 branch of the dungeon, and saw 6 of its levels.

You collected 288 gold pieces.

Inventory:

Hand Weapons
 a - a +0 hand axe (weapon)
Armour
 h - a cursed +0 plate armour (worn)
 p - a +0 crystal plate armour
 r - a scarf of repulsion (worn)
 B - a scarf of cloud immunity
Jewellery
 b - an uncursed ring of magical power
 e - a +5 ring of strength (left hand)
 m - an amulet of magic regeneration (around neck)
 v - a ring of flight (right hand)
 C - a cursed ring of attention {unknown}
Wands
 t - a wand of flame (9)
 A - a wand of digging (6)
 D - a wand of polymorph (8)
 I - a wand of acid (8)
Scrolls
 f - 2 scrolls of teleportation {unknown}
 i - a scroll of fog {unknown}
 j - 8 scrolls of identify {unknown}
 l - 2 scrolls of enchant weapon {unknown}
 n - 2 scrolls of blinking {unknown}
 o - 2 scrolls of remove curse {unknown}
 q - a scroll of immolation {unknown}
 u - 2 scrolls of enchant armour {unknown}
 y - 2 scrolls of amnesia {unknown}
 E - a scroll of magic mapping {unknown}
 J - a scroll of fear {unknown}
Potions
 d - a potion of might
 g - a potion of mutation {unknown}
 k - a potion of cancellation
 s - a potion of flight {unknown}
 w - a potion of magic
 x - a potion of curing {unknown}
 z - a potion of lignification {unknown}
 G - a potion of heal wounds {unknown}
 H - 2 potions of invisibility {unknown}
Comestibles
 c - 10 rations
 F - 7 chunks of flesh


   Skills:
 + Level 6.1 Fighting
 + Level 5.1 Axes
 + Level 5.7 Armour
 + Level 4.2 Dodging


You had 7 spell levels left.
You didn't know any spells.
Your spell library was empty.

Dungeon Overview and Level Annotations

Branches:
Dungeon (6/15)             Temple (0/1) D:5

Altars:
Yredelemnul
The Shining One


Innate Abilities, Weirdness & Mutations

You are resistant to torment.
Your stone body is resilient. (AC +5)
You are immune to poison.
You resist negative energy. (rN+)
You are resistant to electric shocks. (rElec)
You can survive without breathing.
You are immune to petrification.
You are immune to rotting.


Message History

The orc priest invokes the aid of Beogh against you.
Beogh smites you!
* * * LOW HITPOINT WARNING * * *
The orc warrior hits you but does no damage.
You climb upwards.
You are no longer berserk.
You are exhausted.
You feel yourself slow down.
There is a stone staircase leading down here.
Your polar bear goes berserk!
You are feeling very hungry.
The orc priest calls upon Beogh to heal the orc warrior.
The orc warrior is healed somewhat.
The orc warrior hits you but does no damage.
It was a potion of magic.
Magic courses through your body.
The orc priest hits you but does no damage.
The orc warrior barely misses you.
The orc priest calls down the wrath of Beogh upon you.
Pain shoots through your body!
You die...

#.# #....... #.# ###
#.######
##.#######.#######.######
#.......................<
##.######..#######.######
#.# #..###........# #.#
#..........)..# #.#
##.####........### #.#
#@h..............# #.#
#oo............#.# #.#
#..............#.# #.#
#..............#.# ##.###
#.#####........#.# #<...#
#.# #........#..
##.#.###'### #........##.
#.#.#.....# #.....#####.
#.#.#.....# ##.##.# ##


You could see an orc warrior, an orc priest and a friendly polar bear (berserk).

Vanquished Creatures
  Grinder (D:3)
  An ogre (D:5)
  A scorpion (D:4)
  A crimson imp (D:5)
  A centaur zombie (D:5)
  Crazy Yiuf (D:2)
  3 orc priests
  2 hounds (D:6)
  3 orc wizards
  An iguana (D:5)
  4 worker ants
  A killer bee zombie (D:5)
  11 gnolls
  11 adders
  An adder zombie (D:5)
  An adder skeleton (D:5)
  A worm (D:3)
  5 dart slugs
  A leopard gecko (D:1)
  13 orcs
  2 ball pythons
  6 giant cockroaches
  7 goblins
  8 hobgoblins
  11 jackals
  3 quokkas (D:4)
  7 bats
  A frilled lizard (D:1)
  A jackal skeleton (D:6)
  9 kobolds
  A quokka zombie (D:6)
  8 rats
128 creatures vanquished.

Notes
Turn   | Place    | Note
-------+----------+-------------------------------------------
     0 | D:1      | Fang the Gargoyle Berserker began the quest for the Orb.
     0 | D:1      | Reached XP level 1. HP: 14/14 MP: 1/1
   206 | D:1      | Reached XP level 2. HP: 16/19 MP: 2/2
   573 | D:1      | Reached XP level 3. HP: 23/23 MP: 3/3
   602 | D:1      | Reached ** piety under Trog
   844 | D:2      | Reached XP level 4. HP: 24/29 MP: 4/4
  1192 | D:2      | Reached skill level 4 in Fighting
  1250 | D:2      | Found a runed translucent door.
  1251 | D:2      | Noticed Crazy Yiuf
  1457 | D:2      | Killed Crazy Yiuf
  1457 | D:2      | Reached XP level 5. HP: 33/33 MP: 5/5
  1897 | D:3      | Noticed Grinder
  1903 | D:3      | Reached *** piety under Trog
  1914 | D:3      | Paralysed by Grinder for 3 turns
  1925 | D:3      | Paralysed by Grinder for 5 turns
  2196 | D:3      | Killed Grinder
  2196 | D:3      | Reached XP level 6. HP: 30/40 MP: 6/6
  2303 | D:3      | Found a basalt altar of Yredelemnul.
  2402 | D:3      | Reached skill level 5 in Fighting
  2408 | D:3      | Reached XP level 7. HP: 20/44 MP: 7/7
  2785 | D:3      | Found a glowing golden altar of the Shining One.
  3531 | D:4      | Reached skill level 5 in Armour
  3962 | D:5      | Entered Level 5 of the Dungeon
  4113 | D:5      | Reached **** piety under Trog
  4158 | D:5      | Found a staircase to the Ecumenical Temple.
  4338 | D:5      | Reached XP level 8. HP: 47/51 MP: 8/8
  4679 | D:5      | Reached skill level 5 in Axes
  4704 | D:6      | Reached skill level 6 in Fighting
  4960 | D:5      | Killed from afar by an orc priest

Skill      XL: |  1  2  3  4  5  6  7  8 |
---------------+-------------------------+-----
Axes           | 3 4 5 |  5.1
Dodging        | 2 3 4 |  4.2
Armour         | 3 4 5 |  5.7
Fighting       | 4 5 6 |  6.1

Action                   |  1- 3 |  4- 6 |  7- 9 || total
-------------------------+-------+-------+-------++-------
Melee: Hand axe          |   115 |   181 |   268 ||   564
Invok: Berserk           |       |     4 |     3 ||     7
       Brothers in Arms  |       |       |     1 ||     1
  Use: Potion            |       |     1 |     1 ||     2
  Eat: Chunk             |       |     8 |    12 ||    20
Armor: Plate armour      |    92 |   123 |   191 ||   406
       Animal skin       |     3 |       |       ||     3
Dodge: Dodged            |    48 |    87 |   135 ||   270
       Deflected         |     1 |     2 |     5 ||     8
